 Dungeon Crawl Stone Soup version 0.28-a0-821-g923ab73998 (webtiles) character file.

Game seed: 11102632163504977988

23 MacCMillion the Skirmisher (level 2, -2/27 HPs)
             Began as a Hill Orc Fighter on Nov 9, 2021.
             Was a Follower of Trog.
             Slain by an orc (4 damage)
             ... on level 2 of the Dungeon.
             The game lasted 00:01:56 (652 turns).

MacCMillion the Skirmisher (Hill Orc Fighter)        Turns: 652, Time: 00:01:58

Health: -2/27      AC:  6    Str: 18    XL:     2   Next: 95%
Magic:  2/2        EV:  9    Int:  8    God:    Trog [*.....]
Gold:   72         SH:  4    Dex: 10    Spells: 1/1 levels left

rFire   . . .      SeeInvis .   a - +0 war axe
rCold   . . .      Faith    .   c - +0 buckler
rNeg    . . .      Spirit   .   b - +0 scale mail
rPois   .          Reflect  .   (no helmet)
rElec   .          Harm     .   (no cloak)
rCorr   .          Rampage  .   (no gloves)
Will    .....                   (no boots)
Stlth   ..........              (no amulet)
HPRegen 0.09/turn               (no ring)
MPRegen 0.08/turn               (no ring)

@: no status effects
A: no striking features
a: Renounce Religion, Convert to Beogh, Berserk


You were on level 2 of the Dungeon.
You worshipped Trog.
Trog was aware of your devotion.
You visited 1 branch of the dungeon, and saw 2 of its levels.

You collected 72 gold pieces.

Inventory:

Hand Weapons
 a - a +0 war axe (weapon)
Armour
 b - a +0 scale mail (worn)
 c - a +0 buckler (worn)
Magical Staves
 h - a staff of death
Scrolls
 f - a scroll of immolation {unknown}
 g - a scroll of summoning {unknown}
 i - a scroll of fear {unknown}
 k - a scroll of identify {unknown}
 l - a scroll of amnesia {unknown}
Potions
 d - a potion of might
 e - a potion of ambrosia {unknown}
 j - a potion of brilliance {unknown}


   Skills:
 + Level 4.0 Fighting
 + Level 3.1 Axes
 + Level 3.5 Armour
 * Level 3.8 Shields


You had one spell level left.
You didn't know any spells.
Your spell library contained the following spells:

 Spells                   Type           Power      Damage    Failure   Level
 Sting                    Tmut/Pois      0%         1d3       80%         1
 Poisonous Vapours        Pois/Air       0%         N/A       91%         2
 Olgreb's Toxic Radiance  Pois           0%         N/A       100%        4


Dungeon Overview and Level Annotations

Branches:
Dungeon (2/15)

Altars:
Trog


Message History

An orc is nearby!
Found 2 bubbling silvery potions.
A bat comes into view.
A bat is nearby!
A bat is nearby!
Found an escape hatch in the ceiling.
The bat closely misses you. The bat closely misses you.
You block the bat's attack.
You miss the bat. You block the bat's attack.
The bat hits you but does no damage. You block the bat's attack.
The bat hits you but does no damage. The bat hits you.
The bat hits you but does no damage. The bat closely misses you.
The bat barely misses you.
You closely miss the bat. The bat hits you but does no damage. x2
You slash the bat!
You kill the bat!
Trog accepts your kill.
You slash the orc!
You kill the orc!
Trog accepts your kill.
Your Fighting skill increases to level 4!
No target in view!
No target in view!
No target in view!
You see here a +0 dagger.
No target in view!
No target in view!
The orc priest calls down the wrath of Beogh upon you.
Beogh smites you! You block the orc's attack.
The orc priest shouts, "Join the one true god or die!"
You hit the orc priest but do no damage.
Your scale mail prevents you from hitting the orc.
The orc priest calls down the wrath of Beogh upon you.
Beogh smites you!
Ouch! That really hurt!
* * * LOW HITPOINT WARNING * * *
The orc hits you with a +0 flail.
You die...

# #.#....#.........##
###...###...........#
<##..###..#######...#
.....###.###$⌠$###..#
.#....##.##.....##..#
#......#.#.......#..####...
#......#.#.....oo#........!
#........#....ooo#..#######
.........#......@#..#
.........#.......#..######
)).......#.......#.......#
.).......#.......#.......#
.................).......#
#.#####..................#
#†## ..##########†...<.#
#..# #......# ##.##
########


You could see an orc priest and 4 orcs.

Vanquished Creatures
  A dart slug (D:1)
  An orc (D:2)
  2 endoplasms (D:2)
  A giant cockroach (D:1)
  2 goblins
  2 hobgoblins (D:1)
  3 kobolds (D:2)
  A quokka (D:2)
  4 bats
17 creatures vanquished.

Notes
Turn   | Place    | Note
-------+----------+-------------------------------------------
     0 | D:1      | MacCMillion the Hill Orc Fighter began the quest for the
                  | Orb.
     0 | D:1      | Reached XP level 1. HP: 19/19 MP: 1/1
   189 | D:1      | Reached XP level 2. HP: 27/27 MP: 2/2
   247 | D:1      | Found a faded altar of an unknown god.
   328 | D:1      | Prayed at the altar of an unknown god.
   328 | D:1      | Became a worshipper of Trog the Wrathful
   328 | D:1      | Reached * piety under Trog
   647 | D:2      | Reached skill level 4 in Fighting
   652 | D:2      | Slain by an orc

Illustrated notes

Levels and vault maps discovered:
D:1:      noname_arrival_rooms_in_the_neighbourhood, layout_loops_ring,
          ebering_ecumenical_altar_webs, hex_medium
D:2:      cheibrodos_pilgrimage, layout_basic

Skill      XL: |  1  2 |
---------------+-------+-----
Axes           | 3 |  3.1
Fighting       | 4 |  4.0
Armour         | |  3.5
Shields        | |  3.8

Action                   || total
-------------------------++-------
Melee: War axe           ||    29
Invok: Berserk           ||     1
Armor: Scale mail        ||    11
Dodge: Dodged            ||    15
Block: Buckler           ||    12

Table legend: (Time is in decaauts)
 A = Elapsed time spent in this place.
 B = Non-inter-level travel time spent in this place.
 C = Inter-level travel time spent in this place.
 D = Time resting spent in this place.
 E = Time spent auto-exploring this place.
 F = Levels seen in this place.
 G = Mean time per level.
                   A        B        C        D        E       F      G
               +--------+--------+--------+--------+--------+-----+--------+
         Total |    671 |    671 |      0 |    136 |    340 |   2 |  335.5 |
       Dungeon |    671 |    671 |      0 |    136 |    340 |   2 |  335.5 |
               +--------+--------+--------+--------+--------+-----+--------+

Top non-repeatable levels by time:
     D:1: 350 daAuts
     D:2: 320 daAuts
